 Dungeon Crawl Stone Soup version 0.25.0-46-gbd7b0854d2 (webtiles) character file.

Game seed: 8198426518037280570

179 protoss039 the Magician (level 5, 0/28 HPs)
             Began as a Deep Elf Earth Elementalist on July 15, 2020.
             Slain by Grinder (5 damage)
             ... while paralysed by Grinder
             ... on level 3 of the Dungeon.
             The game lasted 00:10:11 (3410 turns).

protoss039 the Magician (DEEE)                      Turns: 3410, Time: 00:10:11

Health: 0/28       AC:  6    Str:  3 (5)  XL:     5   Next: 33%
Magic:  6/14       EV:  2    Int: 19 (21) God:
Gold:   144        SH:  0    Dex: 13 (15) Spells: 4/14 levels left

rFire    . . .     SeeInvis .   p - +2 dagger (drain)
rCold    . . .     Gourm    .   (no shield)
rNeg     . . .     Faith    .   c - +0 robe
rPois    .         Spirit   .   n - +0 helmet
rElec    .         Reflect  .   (no cloak)
rCorr    .         Harm     .   o - +0 pair of gloves
MR       .....                  m - +1 pair of boots
Stlth    ++........             (no amulet)
HPRegen  0.09/turn              (no ring)
MPRegen  0.14/turn              (no ring)

@: paralysed, very slightly contaminated, hasted
A: no striking features
a: no special abilities


You were on level 3 of the Dungeon.
You were not hungry.

You visited 1 branch of the dungeon, and saw 3 of its levels.

You collected 144 gold pieces.

Inventory:

Hand Weapons
 p - a +2 dagger of draining (weapon)
Missiles
 b - 56 stones (quivered)
Armour
 c - a +0 robe (worn)
 m - a +1 pair of boots (worn)
 n - a +0 helmet (worn)
 o - a +0 pair of gloves (worn)
Scrolls
 f - 4 scrolls of identify {unknown}
 h - 2 scrolls of amnesia {unknown}
 i - 2 scrolls of enchant armour {unknown}
 j - a scroll of teleportation {unknown}
 k - a scroll of magic mapping {unknown}
 l - a scroll of remove curse {unknown}
Potions
 g - a potion of magic {unknown}
 q - a potion of lignification {unknown}
Comestibles
 d - 5 rations
 r - 9 chunks of flesh


   Skills:
 - Level 3.0 Dodging
 - Level 3.0 Stealth
 + Level 5.3 Spellcasting
 + Level 0.4 Conjurations
 + Level 1.1 Transmutations
 + Level 5.0 Earth Magic


You had 4 spell levels left.
You knew the following spells:

 Your Spells              Type           Power        Failure   Level  Hunger
a - Sandblast             Erth           ###...       1%          1    None
b - Passwall              Tmut/Erth      ###.....     5%          2    None
c - Stone Arrow           Conj/Erth      ###...       12%         3    ##.....
d - Petrify               Tmut/Erth      ###.....     34%         4    ####...

Your spell library contained the following spells:

 Spells                   Type           Power        Failure   Level  Hunger
 Lee's Rapid Deconstruct  Erth           ###.......   38%         5    #####..


Dungeon Overview and Level Annotations

Branches:
Dungeon (3/15)

Altars:

Annotations:
D:3 Grinder


Message History

Aiming: Sandblast (safe; 1% risk of failure)
Press: ? - help, Shift-Dir - straight line, f/p - Grinder
Aim: Grinder
Okay, then.
Press: ? - help, v - describe, . - travel
Here: Grinder The floor.
It was a potion of haste.
You feel yourself speed up. Grinder hits you.
* * * LOW HITPOINT WARNING * * *
Unknown command.
Unknown command.
Unknown command.
It was a potion of degeneration.
There was something very wrong with that liquid.
You feel weakened.
You feel dopey.
You feel clumsy. Grinder gestures at you.
You suddenly lose the ability to move!
Grinder hits you but does no damage. Grinder hits you.
You die...

...#.....##...........##.....
.....$...##...........##.....
..........#...........#######
..........#(....)......#
..........####.........######
.............................
.......................######
......######5#.........#
....# #@#######...# ... #.#
#...# # #.# ##### #.# #.# #.#
#.# #.#


You could see Grinder.

Vanquished Creatures
  A crimson imp (D:2)
  6 adders
  2 oozes (D:3)
  2 dart slugs
  5 leopard geckos
  2 bats (D:2)
  5 giant cockroaches
  7 goblins
  5 hobgoblins
  6 jackals (D:2)
  19 kobolds
  2 quokkas
  4 ball pythons
  3 frilled lizards (D:2)
  10 rats
79 creatures vanquished.

Notes
Turn   | Place    | Note
-------+----------+-------------------------------------------
     0 | D:1      | protoss039 the Deep Elf Earth Elementalist began the quest
                  | for the Orb.
     0 | D:1      | Reached XP level 1. HP: 10/10 MP: 6/6
   419 | D:1      | Reached XP level 2. HP: 14/15 MP: 4/8
  1102 | D:1      | Learned a level 2 spell: Passwall
  1243 | D:1      | Reached XP level 3. HP: 18/19 MP: 7/9
  1334 | D:1      | Learned a level 3 spell: Stone Arrow
  2242 | D:2      | Reached XP level 4. HP: 5/24 MP: 4/12
  3118 | D:2      | Reached skill level 5 in Spellcasting
  3118 | D:2      | Reached XP level 5. HP: 27/28 MP: 10/14
  3238 | D:2      | Learned a level 4 spell: Petrify
  3383 | D:3      | Noticed Grinder
  3384 | D:3      | Paralysed by Grinder for 4 turns
  3394 | D:3      | Reached skill level 5 in Earth Magic
  3398 | D:3      | Paralysed by Grinder for 3 turns
  3408 | D:3      | Paralysed by Grinder for 4 turns
  3410 | D:3      | Slain by Grinder

Illustrated notes

Levels and vault maps discovered:
D:1:      dpeg_arrival_three_smaller_balls, layout_rooms, grunt_decor_cap
D:2:      layout_loops_ring, minmay_divided_ellipse
D:3:      layout_basic, uniq_grinder

Skill      XL: |  1  2  3  4  5 |
---------------+----------------+-----
Earth Magic    | 4 5 |  5.0
Stealth        | 3 |  3.0
Spellcasting   | 4 5 |  5.3
Dodging        | 3 |  3.0
Conjurations   | |  0.4
Transmutations | |  1.1

Action                   |  1- 3 |  4- 6 || total
-------------------------+-------+-------++-------
Melee: Whip              |     8 |       ||     8
       Unarmed           |     3 |       ||     3
       Dagger            |    93 |       ||    93
 Cast: Sandblast         |    49 |    33 ||    82
       Stone Arrow       |     6 |     6 ||    12
  Use: Potion            |       |     2 ||     2
 Stab: Sleeping          |     5 |       ||     5
  Eat: Chunk             |     4 |     4 ||     8
Armor: Robe              |    25 |     8 ||    33
Dodge: Dodged            |    86 |     5 ||    91
